 Dungeon Crawl Stone Soup version 0.32-a0-484-g2eb335deba (webtiles) character file.

Game seed: 2615761221127477857

34 Dirtsage the Shooter (level 3, 27/27 HPs)
             Began as a Demonspawn Hunter on Feb 26, 2024.
             Quit the game on level 2 of the Dungeon.
             The game lasted 00:01:12 (687 turns).

Dirtsage the Shooter (Demonspawn Hunter)             Turns: 687, Time: 00:01:12

Health: 27/27      AC:  3    Str: 13    XL:     3   Next: 14%
Magic:  3/3        EV: 12    Int:  9    God:
Gold:   65         SH:  0    Dex: 16    Spells: 2/2 levels left

rFire   . . .        a - +0 shortbow
rCold   . . .        (shield currently unavailable)
rNeg    . . .        c - +0 leather armour
rPois   .            (no helmet)
rElec   .            (no cloak)
rCorr   .            (no gloves)
SInv    .            (no boots)
Will    .....        e - amulet of regeneration
Stlth   +            (no ring)
HPRegen 1.04/turn    (no ring)
MPRegen 0.08/turn

%: no passive effects
@: no status effects
A: demonic guardian 1, foul stench 1
a: no special abilities


You were on level 2 of the Dungeon.
You visited 1 branch of the dungeon, and saw 2 of its levels.

You collected 65 gold pieces.

Inventory:

Hand Weapons
 a - a +0 shortbow (weapon)
Armour
 c - a +0 leather armour (worn)
Jewellery
 e - an amulet of regeneration (around neck)
Scrolls
 b - a scroll of butterflies
 d - a scroll of identify {unknown}
 i - a scroll of blinking {unknown}
Potions
 f - a potion of resistance {unknown}
 g - a potion of curing {unknown}
 h - 2 potions of lignification {unknown}


   Skills:
 - Level 2.0 Fighting
 + Level 4.6 Ranged Weapons
 - Level 1.7 Dodging
 - Level 0.8 Stealth


You had 2 spell levels left.
You didn't know any spells.
Your spell library was empty.

Dungeon Overview and Level Annotations

Branches:
Dungeon (2/15)

Altars:


Innate Abilities, Weirdness & Mutations

A weak demonic guardian rushes to your aid.
You may rarely emit foul miasma when damaged in melee.


Message History

You shoot an arrow. The arrow hits the hobgoblin.
The hobgoblin is heavily wounded.
The hobgoblin closely misses you.
You shoot an arrow.
The arrow hits the hobgoblin but does no damage.
The hobgoblin is heavily wounded.
The hobgoblin hits you.
The hobgoblin hits you but does no damage.
You take 2 damage, and have 25/27 hp.
You shoot an arrow. The arrow closely misses the hobgoblin.
The hobgoblin hits you.
You take 2 damage, and have 23/27 hp.
You shoot an arrow. The arrow hits the hobgoblin!
You kill the hobgoblin!
No target in view!
No target in view!
No target in view!
No target in view!
No target in view!
No target in view!
No target in view!
HP restored.
You now have 65 gold pieces (gained 8).
Things that are here:
a jackal corpse; a frilled lizard corpse
There is a stone staircase leading up, spattered with blood here.
You see here a jackal corpse.
i - a scroll labelled PIXTEFEFUI Health restored: 27 A ball python comes into view.
A ball python is nearby!
You shoot an arrow. The arrow hits the ball python!
You kill the ball python!
No target in view!
No target in view!
No target in view!
No target in view!
No target in view!
Found a stone staircase leading down.
Are you sure you want to abandon this character and quit the game? (Confirm with "yes".)

## #. ####.#####
........# # #...#.#
#. #@#.# #####
#†>.#..####......
......###......##..#
.....#.#..#######..#
.###.
#.#.#######..## .
#............[# .
#.########...#.# ##
#.# #.#...# #..#
#...######


There were no monsters in sight!

Vanquished Creatures
  2 bats (D:1)
  2 endoplasms (D:1)
  2 giant cockroaches (D:1)
  3 hobgoblins
  7 jackals
  A kobold (D:1)
  2 quokkas (D:1)
  2 ball pythons
  A frilled lizard (D:2)
  3 goblins (D:1)
  3 rats (D:1)
28 creatures vanquished.

Notes
Turn   | Place    | Note
-------+----------+-------------------------------------------
     0 | D:1      | Dirtsage the Demonspawn Hunter began the quest for the Orb.
     0 | D:1      | Reached XP level 1. HP: 16/16 MP: 1/1
   241 | D:1      | Reached skill level 4 in Ranged Weapons
   244 | D:1      | Gained mutation: A weak demonic guardian rushes to your
                  | aid. [demonic ancestry]
   244 | D:1      | Reached XP level 2. HP: 22/22 MP: 2/2
   630 | D:2      | Gained mutation: You may rarely emit foul miasma when
                  | damaged in melee. [demonic ancestry]
   630 | D:2      | Reached XP level 3. HP: 22/27 MP: 3/3
   687 | D:2      | Quit the game

Illustrated notes

Levels and vault maps discovered:
D:1:      ncdulo_smallfort, layout_loops_cross, minmay_circled_x
D:2:      layout_loops_ring, basic_altar, minmay_tromino_v2

Skill      XL: |  1 |
---------------+----+-----
Ranged Weapons | 4 |  4.6
Fighting       | |  2.0
Dodging        | |  1.7
Stealth        | |  0.8

Action                     || total
---------------------------++-------
   Fire: Shortbow          ||    72
 Armour: Leather armour    ||    42
  Dodge: Dodged            ||    25

Table legend: (Time is in decaauts)
 A = Elapsed time spent in this place.
 B = Non-inter-level travel time spent in this place.
 C = Inter-level travel time spent in this place.
 D = Time resting spent in this place.
 E = Time spent auto-exploring this place.
 F = Levels seen in this place.
 G = Mean time per level.
                   A        B        C        D        E       F      G
               +--------+--------+--------+--------+--------+-----+--------+
         Total |    703 |    677 |     26 |      0 |    539 |   2 |  351.5 |
       Dungeon |    703 |    677 |     26 |      0 |    539 |   2 |  351.5 |
               +--------+--------+--------+--------+--------+-----+--------+

Top non-repeatable levels by time:
     D:1: 638 daAuts
     D:2: 64 daAuts
